 Dungeon Crawl Stone Soup version 0.30.0 (webtiles) character file.

Game seed: 2953625280982194801

177584 Ic0nGaming the Warrior (level 17, -9/168 HPs)
             Began as a Minotaur Berserker on May 6, 2023.
             Was a High Priest of Trog.
             Mangled by a naga
             ... wielding a +0 dire flail
              (31 damage)
             ... on level 4 of the Snake Pit.
             The game lasted 01:08:40 (33266 turns).

Ic0nGaming the Warrior (Minotaur Berserker)        Turns: 33266, Time: 01:08:42

Health: -9/168     AC: 22    Str: 24    XL:     17   Next: 54%
Magic:  16/16      EV: 20    Int:  4    God:    Trog [*****.]
Gold:   2215       SH: 19    Dex: 16    Spells: 16/16 levels left

rFire   . . .        a - +5 flail (heavy)
rCold   + . .        r - +3 kite shield
rNeg    + . .        Y - +6 leather armour of Impatience {rElec rPois Slay+2}
rPois   +            l - +2 hat
rElec   +            L - +2 cloak
rCorr   .            M - +1 pair of gloves
SInv    .            B - +2 pair of boots
Will    +....        x - amulet of reflection
Stlth   +            y - ring "Jussyn" {+Blink rPois rN+}
HPRegen 0.48/turn    o - ring of protection from cold
MPRegen 0.15/turn

%: reflection
@: about to teleport, slowed, studying Polearms, very slow
A: horns 2, retaliatory headbutt
a: Renounce Religion, Evoke Blink, Berserk, Trog's Hand, Brothers in Arms


You were on level 4 of the Snake Pit.
You worshipped Trog.
Trog was extremely pleased with you.
You visited 5 branches of the dungeon, and saw 29 of its levels.
You also visited: Bailey and Ice Cave.

You collected 2911 gold pieces.
You spent 696 gold pieces at shops.

Inventory:

Hand Weapons
 a - a +5 heavy flail (weapon)
 b - a +4 antimagic flail
 v - a +2 eveningstar of holy wrath
 V - a +2 broad axe of electrocution
Missiles
 q - 11 boomerangs (quivered)
 J - 9 atropa-tipped darts
Armour
 e - the +4 skin of Zhor {*Englaciate rC+++ SInv}
   (You found it in a bailey)

   *Englaciate: It radiates cold, occasionally slowing all nearby creatures who
   are not resistant to cold.
   rC:        It renders you almost immune to cold.
   SInv:      It lets you see invisible.
 l - a +2 hat (worn)
 r - a +3 kite shield (worn)
 B - a +2 pair of boots (worn)
 L - a +2 cloak (worn)
 M - a +1 pair of gloves (worn)
 Y - the +6 leather armour of Impatience (worn) {rElec rPois Slay+2}
   (You found it on level 1 of the Snake Pit)

   Slay:      It affects your accuracy & damage with ranged weapons and melee
   (+2).
   rElec:     It insulates you from electricity.
   rPois:     It protects you from poison.
Jewellery
 o - a ring of protection from cold (right hand)
 p - an amulet of regeneration
 x - an amulet of reflection (around neck)
 y - the ring "Jussyn" (left hand) {+Blink rPois rN+}
   (You acquired it on level 7 of the Dungeon)

   [ring of positive energy]

   rPois:     It protects you from poison.
   rN:        It protects you from negative energy.
   +Blink:    It lets you blink.
 D - a ring of willpower
 G - a ring of flight
 O - a ring of resist corrosion
Wands
 A - a wand of polymorph (4)
 E - a wand of flame (86)
 H - a wand of light (7)
 Q - a wand of mindburst (11)
 R - a wand of digging (12)
 T - a wand of iceblast (22)
Scrolls
 h - 5 scrolls of teleportation
 n - 6 scrolls of fog
 t - 8 scrolls of poison
 u - 5 scrolls of enchant armour
 I - a scroll of brand weapon
 K - 2 scrolls of butterflies
 N - 6 scrolls of identify
 U - a scroll of silence
 W - a scroll of magic mapping
Potions
 d - 6 potions of lignification
 f - 5 potions of cancellation
 i - 4 potions of attraction
 j - 2 potions of resistance
 k - 5 potions of might
 m - 5 potions of mutation
 s - 13 potions of curing
 w - 6 potions of haste
 z - 2 potions of ambrosia
 C - 2 potions of berserk rage
 F - 4 potions of magic
 P - 3 potions of invisibility
Miscellaneous
 X - a phantom mirror (inert)


   Skills:
 + Level 19.3 Fighting
 - Level 14.0 Maces & Flails
 - Level 12.0 Throwing
 + Level 11.0 Armour
 + Level 16.0 Dodging
 - Level 7.6 Shields
 - Level 13.9 Evocations


You had 16 spell levels left.
You didn't know any spells.
Your spell library was empty.

Dungeon Overview and Level Annotations

Branches:
Dungeon (15/15)            Temple (0/1) D:5            Lair (5/5) D:11
  Swamp (3/4) Lair:2        Snake (4/4) Lair:2        Slime (0/5) Lair:4
    Orc (2/2) D:10            Elf (0/3) Orc:2        Vaults (0/5) D:13
 Bailey (visited)           IceCv (visited)
 Depths: D:15

Altars:
Ashenzari
Cheibriados
Fedhas
Gozag
Hepliaklqana
Kikubaaqudgha
Nemelex Xobeh
Qazlal
Trog
Uskayaw
Vehumet
Wu Jian
Xom
Yredelemnul
Zin
The Shining One
Jiyva

Shops:
D:6 (   D:7 *   D:9 *   D:11 (   Orc:2 ([?(

Annotations:
D:3 2 runed translucent doors, Descartes's ghost, amateur DrTm
D:7 1 transporter
Lair:2 2 transporters


Innate Abilities, Weirdness & Mutations

You have a pair of horns on your head.
You reflexively headbutt those who attack you in melee.


Message History

The salamander mystic points at the naga and mumbles some strange words.
The naga seems to speed up.
The guardian serpent hits your nagaraja.
You block the salamander mystic's attack.
The naga hits your nagaraja with a +0 scimitar!!
Your nagaraja dies!
Your nagaraja's corpse shimmers and vanishes!
Unknown command.
The salamander mystic attacks as you move away!
The salamander mystic misses you.
You feel very sick.
The guardian serpent casts a spell at you.
The nagaraja blinks into view!
The naga blinks into view!
The naga warrior blinks!
The naga blinks into view!
The salamander mystic blinks!
The salamander mystic blinks into view!
Unknown command.
Unknown command.
You blink.
You feel very sick.
You feel stable enough to blink again.
You feel sick.
The mana viper hisses angrily.
The naga looks more healthy.
The naga warrior spits poison at you.
You block splash of poison... and reflect it back!
The splash of poison hits the naga warrior.
You feel better. The naga spits poison at you.
You block splash of poison... and reflect it back!
The splash of poison hits the naga but does no damage.
The naga is poisoned.
The mana viper bites you but does no damage.
Unknown command.
As you read the scroll of teleportation, it crumbles to dust.
You feel strangely unstable.
The salamander mystic gestures at the naga warrior while chanting.
The naga warrior seems to speed up.
The mana viper closely misses you. You furiously retaliate!
You headbutt the mana viper!
The naga hits you with a +0 dire flail!!
You die...

.............##.........#........
.............#..........#........
.......<.....#..........#........
.............#..........#........
.............#..........#........
.............#.........#.........
.............##.........#..N.....
..<..........##.........#........
...####......'..@NN.....#N.......
...#..#......#..SN.N....#N.......
...#).)......##.......N.#.NS.....
...#)##......#......N..S#NN......
...#.)#......##.#........§§S.....
...#'##.......#########.#<.......
................?................
............^....................
.................................


You could see a nagaraja (fast, strong), a naga warrior (fast), a salamander
mystic (strong), a mana viper, a guardian serpent and 3 nagas.

Vanquished Creatures
  Bai Suzhen (Swamp:3)
  A tentacled monstrosity (Swamp:2)
  Jorgrun (D:14)
  A fenstrider witch (Swamp:1)
  2 nagarajas (Snake:2)
  Roxanne (Snake:2)
  Kirke (Swamp:1)
  An orc warlord (Orc:2)
  Louise (D:14)
  Aizul (Snake:2)
  4 eleionomae
  2 dire elephants (Lair:5)
  5 bunyips
  Fannar (D:11)
  A yaktaur captain (D:13)
  8 hydras
  A catoblepas (Lair:5)
  5 centaur warriors
  A caustic shrike simulacrum (IceCv)
  15 anacondas
  A boulder beetle (D:11)
  3 alligators
  5 death yaks
  6 two-headed ogres
  A spectral dire elephant (Lair:5)
  2 orc high priests (Orc:2)
  7 shock serpents
  5 naga warriors
  20 naga sharpshooters
  5 skysharks
  3 salamander mystics
  A spectral anaconda (Lair:5)
  5 spectral death yaks (Lair:5)
  3 goliath frogs
  3 sea snakes (Snake:3)
  5 bog bodies
  2 orc knights
  2 swamp dragons (Swamp:3)
  7 naga ritualists
  Pikel (D:5)
  3 necromancers (Lair:5)
  An obsidian statue (Lair:5)
  6 mana vipers
  3 ugly things (D:15)
  4 will-o-the-wisps
  6 cyclopes
  2 manticores
  4 orc sorcerers (Orc:2)
  14 salamanders
  7 slime creatures
  2 guardian serpents (Snake:3)
  13 elephants
  32 black mambas
  18 cane toads
  14 naga magi
  2 gargoyles
  An efreet (D:14)
  A kobold demonologist (D:13)
  4 unseen horror zombies (D:9)
  3 yaktaurs
  A freezing wraith (D:14)
  3 rime drakes
  2 tengu conjurers (D:13)
  7 komodo dragons
  An anaconda simulacrum (IceCv)
  A polar bear (Lair:5)
  8 trolls
  A blink frog (shapeshifter) (D:15)
  15 blink frogs
  Grinder (D:4)
  8 tyrant leeches
  5 hornets
  7 dream sheep (Lair:4)
  A spectral elephant (Lair:5)
  2 shadows
  4 spriggans (Swamp:3)
  7 wyverns
  A vampire (Bailey)
  4 basilisks
  A wraith (D:12)
  Eustachio (D:6)
  6 hogs (Swamp:1)
  37 yaks
  A hog (shapeshifter) (D:13)
  15 vampire mosquitoes
  2 wargs
  3 harpy simulacra (IceCv)
  31 nagas
  13 swamp worms
  9 water moccasins
  3 swamp drakes (Swamp:2)
  28 orc warriors
  A sky beast (D:6)
  A black bear (shapeshifter) (D:14)
  An ice beast (D:4)
  2 black bears
  5 ogres
  23 wolves
  13 centaurs
  4 lemures (D:5)
  A kobold brigand (D:11)
  10 bullfrogs
  A scorpion (D:6)
  A necrophage (D:9)
  A gnoll sergeant (D:9)
  A cane toad simulacrum (Lair:5)
  2 wights (D:9)
  3 elephant simulacra (Lair:5)
  5 killer bees (D:10)
  7 vampire bats (Bailey)
  8 howler monkeys
  4 electric eels
  7 wolf zombies (Bailey)
  2 centaur zombies (D:9)
  3 hounds
  A human zombie (D:9)
  6 jellies
  12 orc priests
  2 gnoll boudas
  7 iguanas
  3 sleepcaps
  25 orc wizards
  A mummy (D:9)
  A howler monkey zombie (D:9)
  14 gnolls
  5 adders
  3 ufetubi
  3 worms
  2 dart slugs
  68 orcs
  5 ball pythons
  3 bats
  2 endoplasms (D:1)
  2 giant cockroaches
  7 goblins
  7 hobgoblins
  2 quokkas
  3 frilled lizards (D:2)
  12 kobolds
  23 orc zombies (Bailey)
  3 rats
  A bush (D:1)
839 creatures vanquished.

Vanquished Creatures (collateral kills)
  A nagaraja (Snake:4)
  A very ugly thing (IceCv)
  A naga warrior (Snake:4)
  A naga sharpshooter (Snake:4)
  A spriggan druid (Swamp:3)
  A bog body (Swamp:3)
  3 guardian serpents (Snake:4)
  A black mamba (Snake:2)
  An anaconda simulacrum (IceCv)
  A golden dragon simulacrum (IceCv)
  2 hornets (Swamp:3)
  A dire elephant simulacrum (IceCv)
  3 spriggans (Swamp:3)
  A vampire mosquito (Swamp:3)
  2 nagas (Snake:4)
21 creatures vanquished.

Vanquished Creatures (others)
  A guardian serpent (Snake:4)
  A bloated husk (Swamp:2)
  A butterfly (Lair:3)
  10 foxfires (Swamp:1)
  25 fungi
  48 plants
  21 withered plants (Lair:5)
107 creatures vanquished.

Grand Total: 967 creatures vanquished

Notes
Turn   | Place    | Note
-------+----------+-------------------------------------------
     0 | D:1      | Ic0nGaming the Minotaur Berserker began the quest for the
                  | Orb.
     0 | D:1      | Reached XP level 1. HP: 19/19 MP: 0/0
   359 | D:1      | Reached XP level 2. HP: 26/26 MP: 1/1
  1162 | D:2      | Reached skill level 5 in Maces & Flails
  1257 | D:2      | Reached XP level 3. HP: 31/31 MP: 2/2
  1504 | D:3      | Found a shimmering altar of Xom.
  1505 | D:3      | Found a hazy altar of Hepliaklqana.
  1506 | D:3      | Noticed a spectral ugly thing
  1637 | D:3      | Reached ** piety under Trog
  1741 | D:3      | Found a large runed translucent door.
  1742 | D:3      | Found a large runed translucent door.
  1743 | D:3      | Noticed Descartes's ghost (amateur DrTm)
  1765 | D:3      | Reached XP level 4. HP: 39/39 MP: 3/3
  2140 | D:4      | Noticed Grinder
  2148 | D:4      | Killed Grinder
  2149 | D:4      | Reached XP level 5. HP: 45/45 MP: 4/4
  2149 | D:4      | Reached XP level 6. HP: 51/51 MP: 5/5
  2403 | D:4      | Noticed an ice beast
  2414 | D:4      | Killed an ice beast
  2824 | D:5      | Entered Level 5 of the Dungeon
  3039 | D:5      | Noticed Pikel
  3070 | D:5      | Killed Pikel
  3071 | D:5      | Reached XP level 7. HP: 43/57 MP: 6/6
  3452 | D:5      | Found a staircase to the Ecumenical Temple.
  3643 | D:5      | Reached XP level 8. HP: 64/64 MP: 7/7
  3754 | D:6      | Found a hide-covered altar of Uskayaw.
  3928 | D:6      | Noticed Eustachio
  3933 | D:6      | Killed Eustachio
  3943 | D:6      | Identified a scroll of acquirement
  3944 | D:6      | Acquired a +2 hat
  4025 | D:6      | Found Josol's Antique Weapon Boutique.
  4216 | D:6      | Found a bloodstained altar of Trog.
  4350 | D:6      | Found a stormy altar of Qazlal.
  4723 | D:6      | Found a glowing silver altar of Zin.
  4763 | D:7      | Reached skill level 1 in Shields
  4763 | D:7      | Reached XP level 9. HP: 71/71 MP: 8/8
  4765 | D:7      | Reached skill level 4 in Fighting
  4899 | D:7      | Found a snail-covered altar of Cheibriados.
  4960 | D:7      | Acquired the ring "Jussyn" {+Blink rPois rN+}
  5014 | D:7      | Found a radiant altar of Vehumet.
  5138 | D:7      | Found a blossoming altar of Fedhas.
  5332 | D:7      | Found a glowing golden altar of the Shining One.
  5387 | D:7      | Reached *** piety under Trog
  5458 | D:7      | Found a sparkling altar of Nemelex Xobeh.
  5458 | D:7      | Found a transporter.
  5459 | D:7      | Noticed a cyclops
  5460 | D:7      | Noticed a manticore
  5673 | D:7      | Found an opulent altar of Gozag.
  5677 | D:7      | Found Gozag's Platinum Reserve.
  6330 | D:8      | Reached skill level 5 in Fighting
  6578 | D:9      | Reached skill level 5 in Armour
  6591 | D:9      | Reached skill level 6 in Fighting
  6592 | D:9      | Found a basalt altar of Yredelemnul.
  6603 | D:9      | Reached skill level 5 in Dodging
  6617 | D:9      | Reached skill level 5 in Shields
  6617 | D:9      | Reached XP level 10. HP: 66/84 MP: 9/9
  6711 | D:9      | Found a flagged portal.
  6727 | Bailey   | Entered a bailey
  7167 | Bailey   | Reached **** piety under Trog
  7168 | Bailey   | Reached skill level 7 in Fighting
  7198 | Bailey   | Identified the +2 ring mail of Egalitarianism {*Slow Dex+3
                  | Stlth+}
  7233 | Bailey   | Noticed a gargoyle
  7235 | Bailey   | Killed a gargoyle
  7247 | Bailey   | Found the +4 skin of Zhor {*Englaciate rC+++ SInv}
  7652 | D:9      | Found Sosytuoz's Assorted Antiques.
  7660 | D:9      | Bought a potion of heal wounds for 130 gold pieces
  7660 | D:9      | Bought a scroll of blinking for 195 gold pieces
  7830 | D:9      | Found a broken altar of Ashenzari.
  8161 | D:10     | Entered Level 10 of the Dungeon
  8411 | D:10     | Reached skill level 8 in Fighting
  8501 | D:10     | Found a staircase to the Orcish Mines.
  8550 | D:10     | Found an ornate altar of the Wu Jian Council.
  8563 | D:10     | Noticed a two-headed ogre
  8791 | D:10     | Killed a two-headed ogre
  8792 | D:10     | Reached XP level 11. HP: 95/95 MP: 10/10
  8847 | D:10     | Noticed a two-headed ogre
  8861 | D:10     | Killed a two-headed ogre
  9297 | D:11     | Reached skill level 1 in Throwing
  9331 | D:11     | Found Qareczy's Antique Weapon Shoppe.
  9367 | D:11     | Noticed a two-headed ogre
  9375 | D:11     | Killed a two-headed ogre
  9376 | D:11     | Reached skill level 1 in Evocations
  9467 | D:11     | Noticed a boulder beetle
  9512 | D:11     | Killed a boulder beetle
  9527 | D:11     | Noticed Fannar
  9542 | D:11     | Killed Fannar
  9729 | D:11     | Found an ancient bone altar of Kikubaaqudgha.
  9835 | D:11     | Found a staircase to the Lair.
 10115 | D:12     | Noticed a centaur warrior
 10116 | D:12     | Identified the +8 broad axe "Arbiter" {venom, *Rage rElec
                  | Str+6 Int+2}
 10128 | D:12     | Killed a centaur warrior
 10296 | D:12     | Reached skill level 5 in Throwing
 10520 | Lair:1   | Entered Level 1 of the Lair of Beasts
 10684 | Lair:1   | Reached skill level 5 in Evocations
 11140 | Lair:1   | Reached XP level 12. HP: 100/103 MP: 11/11
 11305 | Lair:1   | Noticed a death yak
 11306 | Lair:1   | Noticed a death yak
 11308 | Lair:1   | Noticed a death yak
 11334 | Lair:1   | Killed a death yak
 11336 | Lair:1   | Noticed a death yak
 11382 | Lair:1   | Killed a death yak
 11389 | Lair:1   | Killed a death yak
 11391 | Lair:1   | Killed a death yak
 12307 | Lair:2   | Found a staircase to the Snake Pit.
 12328 | Lair:2   | Found a transporter.
 12611 | Lair:2   | Found a transporter.
 12611 | Lair:2   | Noticed a boulder beetle
 12612 | Lair:2   | Noticed a boulder beetle
 12631 | Lair:2   | Reached skill level 10 in Dodging
 12688 | Lair:2   | Found a staircase to the Swamp.
 13526 | Lair:3   | Reached skill level 10 in Throwing
 13559 | Lair:3   | Reached XP level 13. HP: 87/108 MP: 12/12
 13831 | Lair:3   | Reached ***** piety under Trog
 14572 | Lair:4   | Found a staircase to the Slime Pits.
 15340 | Lair:5   | Entered Level 5 of the Lair of Beasts
 15772 | Lair:5   | Identified the +5 quarterstaff "Sarcophage" {antimagic,
                  | *Slow rPois rCorr} (Trog gifted it to you on level 5 of the
                  | Lair of Beasts)
 15772 | Lair:5   | Received a gift from Trog
 16206 | Lair:5   | Reached XP level 14. HP: 116/116 MP: 13/13
 16514 | Lair:5   | Reached skill level 9 in Fighting
 17034 | Lair:5   | Reached skill level 10 in Fighting
 17909 | Lair:3   | Reached skill level 11 in Fighting
 19153 | D:13     | Found a gate to the Vaults.
 19488 | D:13     | Received a gift from Trog
 19491 | D:13     | Reached skill level 12 in Fighting
 20021 | D:14     | Noticed Louise
 20034 | D:14     | Killed Louise
 20293 | D:14     | Found a viscous altar of Jiyva.
 20348 | D:14     | Noticed Jorgrun
 20363 | D:14     | Killed Jorgrun
 20364 | D:14     | Reached XP level 15. HP: 85/134 MP: 14/14
 20579 | D:15     | Entered Level 15 of the Dungeon
 20605 | D:15     | Reached skill level 13 in Fighting
 20826 | Orc:1    | Entered Level 1 of the Orcish Mines
 21603 | Orc:2    | Entered Level 2 of the Orcish Mines
 21603 | Orc:2    | Found a staircase to the Elven Halls.
 21620 | Orc:1    | Reached skill level 10 in Evocations
 22063 | Orc:2    | Found Ticuevun's Magic Scroll Shoppe.
 22069 | Orc:2    | Bought a scroll of butterflies for 56 gold pieces
 22069 | Orc:2    | Bought 3 scrolls of enchant weapon for 315 gold pieces
 22229 | Orc:2    | Reached skill level 14 in Fighting
 22680 | Orc:2    | Found Ixkal's Antique Armour Shoppe.
 22682 | Orc:2    | Found Secoym Semn's Antique Weapon Emporium.
 22887 | Orc:2    | Found Deodgh's Weapon Shoppe.
 23194 | Snake:1  | Entered Level 1 of the Snake Pit
 23204 | Snake:1  | Received a gift from Trog
 23517 | Swamp:1  | Entered Level 1 of the Swamp
 23607 | Swamp:1  | Noticed a fenstrider witch
 23614 | Swamp:1  | Killed a fenstrider witch
 24227 | Lair:2   | Reached skill level 15 in Fighting
 24844 | Swamp:2  | Noticed Kirke
 25337 | Swamp:1  | Killed Kirke
 25670 | Swamp:2  | Noticed a tentacled monstrosity
 25898 | Swamp:2  | Killed a tentacled monstrosity
 26522 | Swamp:3  | Reached XP level 16. HP: 142/151 MP: 15/15
 26544 | Swamp:3  | Reached skill level 16 in Fighting
 26822 | Swamp:3  | Noticed Bai Suzhen
 26853 | Swamp:3  | Killed Bai Suzhen
 27904 | Snake:1  | Identified the +6 leather armour of Impatience {rElec rPois
                  | Slay+2}
 28283 | Snake:2  | Received a gift from Trog
 28289 | Snake:2  | Found a frozen archway.
 28294 | IceCv    | Entered an ice cave
 28298 | IceCv    | Reached skill level 17 in Fighting
 28304 | IceCv    | Found a transporter.
 29743 | Snake:2  | Identified Roxanne's Collected Works on Transmutation
 29743 | Snake:2  | Noticed Roxanne
 29744 | Snake:2  | Noticed Aizul
 29758 | Snake:2  | Reached skill level 18 in Fighting
 29768 | Snake:2  | Killed Aizul
 30725 | Snake:2  | Killed Roxanne
 30835 | Snake:3  | Reached skill level 15 in Dodging
 31302 | Snake:3  | Reached XP level 17. HP: 166/166 MP: 16/16
 32295 | Snake:4  | Entered Level 4 of the Snake Pit
 32352 | Snake:4  | Received a gift from Trog
 32362 | Snake:4  | Reached skill level 10 in Armour
 32792 | Snake:4  | Identified the +2 leather armour of Rieb {Slay+3 Stlth+}
 32858 | Snake:4  | Reached skill level 19 in Fighting
 33229 | Snake:4  | HP: 1/168 [salamander tyrant (39)]
 33266 | Snake:4  | Mangled by a naga

Illustrated notes

Levels and vault maps discovered:
D:1:      amcnicky_arrival_gap_in_the_tavern_cellar, layout_basic,
          serial_forest, infiniplex_forest_zigzag_2,
          infiniplex_forest_clump_diagonal, infiniplex_forest_end_1,
          infiniplex_forest_split, infiniplex_forest_clump_tiny,
          minmay_misc_feat_chi, kennysheep_decorative_pillar
D:2:      layout_basic
D:3:      layout_loops_ring, regret_index_temple_of_mockery,
          ebering_ghost_disaster_area
D:4:      layout_rooms, hangedman_minor_gate_pass, uniq_grinder
D:5:      layout_gridville, minmay_temple_entry_fiery, uniq_pikel
D:6:      layout_rooms, trog_butcher_becter, mainiacjoe_overflow_catch_the_wave,
          zin_statuary, serial_shops, kennysheep_mini_moat,
          grunt_decor_mini_mirrors, hangedman_decor_riveting,
          palyth_stone_intersect, minmay_misc_feat_roman, uniq_eustachio
D:7:      layout_loops_corners, mainiacjoe_overflow_catwalk,
          mainiacjoe_overflow_24_doors, mainiacjoe_overflow_alcove_1,
          grunt_nemelex_the_gamble, nicolae_gozag_zags_fifth_avenue,
          tso_metal_star, chequers_avenue
D:8:      layout_basic
D:9:      layout_loops_ring, lemuel_mausoleum_altar_yredelemnul,
          kennysheep_mini, enter_bailey_3, serial_shops,
          nicolae_shop_tiny_statue_garden
D:10:     layout_cross, nzn_wu_jian_council_hall, orc_0_dummy
D:11:     layout_long_grid, lair_entry_dummy, serial_shops, shop,
          kiku_gazebo_pond_becter, uniq_fannar
D:12:     layout_loops_corners
D:13:     layout_layer_cave, david_vaults_2
D:14:     layout_rooms, serial_park_square3 [serial_park_minivault_5x5_6],
          minmay_misc_feat_pillars, jiyva_altar_1, uniq_jorgrun, uniq_louise
D:15:     grunt_enter_depths_hoard, layout_rooms, nicolae_twisting_strands,
          hangedman_abyss_or_decor_lesser_grid
Lair:1:   layout_regular_city, st_stairs_11, grunt_megastairs_3
Lair:2:   gammafunk_boulding_lane, layout_cave_pods,
          nicolae_swamp_entry_splash_gauntlet,
          minmay_snake_entry_guardpost_small
Lair:3:   layout_cave_shapes, lemuel_fruit_fields, grunt_megastairs_1,
          serial_bayou_shore_a, infiniplex_staircase_pool
Lair:4:   hellmonk_ruined_rings, layout_gridlike, slime_entry_1
Lair:5:   due_jungle_book, layout_regular_city, gauntlet_entry_generic,
          lemuel_fruit_tree, lemuel_fruit_fields
Swamp:1:  layout_basic_swamp, evilmike_swamp_ruin_rubble_1
Swamp:2:  layout_basic_swamp, serial_swamp_ruin, evilmike_swamp_ruin_house_3,
          evilmike_swamp_ruin_rubble_2, swamp_pool5, uniq_kirke
Swamp:3:  layout_basic_swamp, evilmike_swamp_ruin_house_6, uniq_bai_suzhen
Snake:1:  layout_concentric_octagons
Snake:2:  layout_onion, portal_ice_cave_entry_pillars_three,
          nicolae_snake_yet_another_twisty_hallway, nicolae_triple_integral,
          uniq_aizul, uniq_roxanne
Snake:3:  nicolae_snake_shooting_gallery, layout_basic
Snake:4:  johnstein_snake_rune_scales, layout_cave_town
Orc:1:    layout_caves, lemuel_statue_altar, nicolae_orc_lava_tube,
          guppyfry_library_mini
Orc:2:    grunt_orc_community_town_hall, layout_caves,
          grunt_orc_community_big_house_2, grunt_orc_community_big_house_1,
          grunt_orc_community_house_1, grunt_orc_community_house_1,
          grunt_orc_community_house_3, grunt_orc_community_house_3,
          grunt_orc_community_house_3, grunt_orc_community_house_2, mines2_david

Skill      XL: |  1  2  3  4  5  6  7  8  9 10 11 12 13 14 15 16 17 |
---------------+----------------------------------------------------+-----
Maces & Flails | 4 5 8 11 14 | 14.0
Shields        | 1 5 7 |  7.6
Fighting       | 6 8 12 15 18 19 | 19.3
Armour         | 5 7 8 9 11 | 11.0
Dodging        | 5 7 11 14 15 16 | 16.0
Throwing       | 6 10 12 | 12.0
Evocations     | 5 9 12 13 | 13.9

Action                     |  1- 3 |  4- 6 |  7- 9 | 10-12 | 13-15 | 16-18 || total
---------------------------+-------+-------+-------+-------+-------+-------++-------
  Melee: Mace              |   136 |     4 |       |       |       |       ||   140
         Headbutt          |    27 |     9 |    30 |   140 |   288 |   100 ||   594
         Punch             |     2 |       |       |       |       |       ||     2
         Flail             |       |    54 |   145 |   569 |  1184 |   443 ||  2395
  Throw: Dart              |       |       |       |    12 |       |       ||    12
         Boomerang         |       |       |       |    14 |   208 |   260 ||   482
 Invoke: Berserk           |       |     3 |       |     4 |     2 |     1 ||    10
         Trog's Hand       |       |     1 |     1 |    13 |    23 |    14 ||    52
         Brothers in Arms  |       |       |       |       |       |     5 ||     5
Ability: Evoke Blink       |       |       |       |       |     1 |     2 ||     3
  Evoke: Wand              |       |       |       |       |     5 |     4 ||     9
         Phantom mirror    |       |       |       |       |       |     1 ||     1
    Use: Scroll            |     9 |     5 |     7 |    13 |    11 |    14 ||    59
         Potion            |       |       |       |     2 |     1 |    15 ||    18
   Stab: Sleeping          |     1 |     1 |     1 |       |       |       ||     3
         Distracted        |       |       |       |     1 |       |       ||     1
         Petrified         |       |       |       |       |     6 |       ||     6
 Armour: Leather armour    |    33 |    16 |    50 |    36 |       |   110 ||   245
         Animal skin       |       |       |       |    76 |   193 |    14 ||   283
         Chain mail        |       |       |       |     4 |       |       ||     4
  Dodge: Dodged            |    39 |    32 |    75 |   189 |   526 |   316 ||  1177
  Block: Kite shield       |       |       |    93 |   513 |  1062 |   599 ||  2267
         Reflection        |       |       |     9 |    24 |    34 |    97 ||   164
